 Dungeon Crawl Stone Soup version 0.19.3 (webtiles) character file.

58 rgaf the Cudgeler (level 4, 35/35 HPs)
             Began as a Formicid Abyssal Knight on Jan 22, 2017.
             Was a Follower of Lugonu.
             Quit the game on level 2 of the Dungeon.
             The game lasted 00:03:26 (2184 turns).

rgaf the Cudgeler (Formicid Abyssal Knight)         Turns: 2184, Time: 00:03:26

Health: 35/35      AC:  4    Str: 18    XL:     4   Next: 21%
Magic:  5/5        EV: 11    Int: 11    God:    Lugonu [*.....]
Gold:   105        SH:  0    Dex: 10    Spells: 0 memorised, 3 levels left

rFire  . . .     SeeInvis +     a - +1 mace
rCold  . . .     Gourm    .     b - +0 leather armour
rNeg   . . .     Faith    .     (no shield)
rPois  .         Spirit   .     (helmet unavailable)
rElec  .         Reflect  .     (no cloak)
rCorr  .         Harm     .     (no gloves)
MR     .....                    l - +0 pair of boots (curse)
Stlth  +.........               (no amulet)
                                (no ring)
                                (no ring)

@: very slightly contaminated
A: permanent stasis, dig shafts and tunnels, four strong arms, antennae 3,
blurry vision 1, deterioration 1, screaming 1
a: Dig, Shaft Self, Depart the Abyss, Renounce Religion


You were on level 2 of the Dungeon.
You worshipped Lugonu.
Lugonu was aware of your devotion.
You were not hungry.

You visited 1 branch of the dungeon, and saw 2 of its levels.
You visited the Abyss 1 time.

You collected 105 gold pieces.

Inventory:

Hand Weapons
 a - a +1 mace (weapon)
 g - a +0 spear
Armour
 b - a +0 leather armour (worn)
 l - a cursed +0 pair of boots (worn)
Wands
 f - a wand of confusion (27/48)
Scrolls
 i - a scroll of fear {unknown}
 n - a scroll of remove curse {unknown}
 o - a scroll of fog
 s - a scroll of identify {unknown}
Potions
 d - a potion of curing
 j - 2 potions of might
 p - a potion of mutation
Comestibles
 c - 3 bread rations
 h - a beef jerky
 m - 3 chunks of flesh


   Skills:
 - Level 3.2 Fighting
 + Level 4.1 Maces & Flails
 - Level 2.1 Armour
 - Level 0.8 Dodging
 - Level 2.1 Invocations


You had 3 spell levels left.
You didn't know any spells.

Dungeon Overview and Level Annotations

Branches:
Dungeon (2/15)

Altars:


Innate Abilities, Weirdness & Mutations

You are under a permanent stasis effect.
You can dig through walls and to a lower floor.
Your four strong arms can wield two-handed weapons with a shield.
You have a pair of large antennae on your head. (SInv)
Scrolls take you a little longer to read.
Your body sometimes deteriorates upon taking damage.
You occasionally shout uncontrollably at your foes.


Message History

Your cursed +0 pair of boots melds into your body.
Your +0 leather armour melds into your body.
Your roots penetrate the ground.
You start waiting.
Your transformation is almost over.
You start waiting.
You feel less woody.
Your cursed +0 pair of boots unmelds from your body.
Your +0 leather armour unmelds from your body.
You butcher the bat corpse.
m - 7 chunks of flesh (gained 1) Some of the chunks of flesh in your inventory have rotted away.
You flicker for a moment.
You flicker back into view.
A bat comes into view.
You shout at the bat!
A bat is nearby!
A bat is nearby!
Autopickup is now off.
Are you sure you want to abandon this character and quit the game? (Confirm with "yes".)

#...........# ######
#.#########.# #..... #.# #.#
#.#### #.# #.# #.####
#####.##### #.# #.....
#.........# #.# #.....
#.........# #.# #.....
#.........# #.# #.....
#####'#########@###########.####
#>..................)...#
#.#.....#.#...........#.####
#####...........................
#.......#.#.# ###########)#..##.
#.........#b#. #########.#..##.
#......<#.#.#.###.......#.#...#)
#.......#.#.#...'....(..'...#.#.
#.........#.....#.......#.###.#(


You could see a bat.

Vanquished Creatures
  2 adders (D:2)
  A worm (D:2)
  2 dart slugs (D:1)
  A leopard gecko (D:2)
  7 goblins
  3 hobgoblins
  2 jackals (D:1)
  A ball python (D:1)
  3 bats
  A frilled lizard (D:2)
  6 kobolds (D:1)
  6 rats
35 creatures vanquished.

Notes
Turn   | Place    | Note
-------+----------+-------------------------------------------
     0 | Abyss:1  | rgaf the Formicid Abyssal Knight began the quest for the Orb.
     0 | Abyss:1  | Reached XP level 1. HP: 18/18 MP: 2/2
   142 | Abyss:1  | Noticed an orange demon
   171 | Abyss:1  | Noticed a ynoxinul
   195 | Abyss:2  | Found a corrupted altar of Lugonu.
   214 | Abyss:2  | Noticed a water elemental
   222 | D:1      | Escaped the Abyss
   485 | D:1      | Reached * piety under Lugonu
   506 | D:1      | Reached XP level 2. HP: 20/24 MP: 3/3
   769 | D:1      | Reached skill level 3 in Maces & Flails
  1079 | D:1      | Reached XP level 3. HP: 27/29 MP: 4/4
  2032 | D:2      | Reached XP level 4. HP: 26/35 MP: 5/5
  2033 | D:2      | Reached skill level 4 in Maces & Flails
  2055 | D:2      | Gained mutation: Scrolls take you a little longer to read. [potion of mutation]
  2055 | D:2      | Gained mutation: You occasionally shout uncontrollably at your foes. [potion of mutation]
  2055 | D:2      | Gained mutation: Your body sometimes deteriorates upon taking damage. [potion of mutation]
  2184 | D:2      | Quit the game

Skill      XL: |  1  2  3  4 |
---------------+-------------+-----
Maces & Flails | 3 4 |  4.1
Fighting       | |  3.2
Armour         | |  2.1
Dodging        | |  0.8
Invocations    | |  2.1

Action                   |  1- 3 |  4- 6 || total
-------------------------+-------+-------++-------
Melee: Mace              |   103 |     8 ||   111
Invok: Depart the Abyss  |     1 |       ||     1
  Use: Scroll            |     2 |       ||     2
       Potion            |       |     8 ||     8
  Eat: Chunk             |     4 |       ||     4
Armor: Leather armour    |    23 |     7 ||    30
Dodge: Dodged            |    67 |     6 ||    73
